 Dungeon Crawl Stone Soup version 0.24.0-7-gb3623d2c88 (webtiles) character file.

Game seed: 8467941925350770001, levelgen mode: deterministic

175 Aviak the Sneak (level 5, -4/31 HPs)
             Began as an Octopode Enchanter on Nov 2, 2019.
             Killed from afar by Ijyb (11 damage)
             ... with a puff of flame
             ... on level 3 of the Dungeon.
             The game lasted 00:06:04 (2354 turns).

Aviak the Sneak (Octopode Enchanter)                Turns: 2354, Time: 00:06:05

Health: -4/31      AC:  1    Str:  7    XL:     5   Next: 55%
Magic:  3/9        EV: 14    Int: 17    God:
Gold:   132        SH:  0    Dex: 14    Spells: 0/9 levels left

rFire    . . .     SeeInvis .   a - +1 dagger
rCold    . . .     Gourm    .   (no shield)
rNeg     . . .     Faith    .   (helmet restricted)
rPois    .         Spirit   .   (no amulet)
rElec    .         Reflect  .   (no ring)
rCorr    .         Harm     .   (no ring)
MR       .....                  (no ring)
Stlth    ++++......             (no ring)
HPRegen  0.10/turn              (no ring)
MPRegen  0.11/turn              (no ring)
                                (no ring)
                                (no ring)

@: no status effects
A: almost no armour, stealthy swim, amphibious, 8 rings, constrict 8, camouflage
1, gelatinous body 1
a: no special abilities


You were on level 3 of the Dungeon.
You were hungry.

You visited 1 branch of the dungeon, and saw 3 of its levels.

You collected 132 gold pieces.

Inventory:

Hand Weapons
 a - a +1 dagger (weapon)
Wands
 i - a wand of polymorph (8)
Scrolls
 d - a scroll of amnesia {unknown}
 e - 3 scrolls of identify {unknown}
 h - 2 scrolls of remove curse {unknown}
 j - a scroll of fear {unknown}
Potions
 b - a potion of agility {unknown}
 f - a potion of lignification {unknown}
 g - a potion of heal wounds {unknown}
 k - a potion of magic {unknown}
Comestibles
 c - 5 rations


   Skills:
 + Level 2.3 Short Blades
 + Level 3.0 Dodging
 + Level 5.1 Stealth
 + Level 2.9 Spellcasting
 + Level 3.8 Hexes


You couldn't memorise any spells.
You knew the following spells:

 Your Spells              Type           Power        Failure   Level  Hunger
a - Corona                Hex            ###....      3%          1    None
b - Ensorcelled Hibernat  Hex/Ice        #.....       12%         2    ##.....
c - Confuse               Hex            ###.....     11%         3    ###....
d - Tukima's Dance        Hex            ###.....     11%         3    ###....

Your spell library contained the following spells:

 Spells                   Type           Power        Failure   Level  Hunger
 Dazzling Spray           Conj/Hex       #.....       24%         3    ###....


Dungeon Overview and Level Annotations

Branches:
Dungeon (3/15)

Altars:

Annotations:
D:3 Ijyb


Innate Abilities, Weirdness & Mutations

You cannot wear most types of armour.
You are very stealthy in the water. (Stealth+)
You are amphibious.
You can wear up to eight rings at the same time.
You can use your tentacles to constrict eight enemies at once.
Your skin changes colour to match your surroundings (Stealth+).
Your rubbery body absorbs attacks. (AC +1, EV +1)


Message History

The hobgoblin hits you with a +0 club.
* * * LOW HITPOINT WARNING * * *
You hit the hobgoblin.
You kill the hobgoblin!
Casting: Confuse (safe; 11% risk of failure)
Confirm with . or Enter, or press ? or * to list all spells.
Aiming: Confuse (safe; 11% risk of failure)
Press: ? - help, Shift-Dir - straight line, f - Ijyb
Aim: Ijyb, wielding a +0 club, wearing a +0 chain mail and carrying a wand of flame (14) (chance to defeat MR: 54%) Ijyb resists with significant effort.
You are feeling hungry.
Ijyb closely misses you.
Casting: Confuse (safe; 11% risk of failure)
Confirm with . or Enter, or press ? or * to list all spells.
Aiming: Confuse (safe; 11% risk of failure)
Press: ? - help, Shift-Dir - straight line, f/p - Ijyb
Aim: Ijyb, wielding a +0 club, wearing a +0 chain mail and carrying a wand of flame (14) (chance to defeat MR: 54%) Ijyb resists with significant effort.
Ijyb zaps a wand.
The puff of flame hits you!
You die...

.............................
#####...##.#......##........#
..........................
............######.....#.###
.........#............#.#.#
.##...#....#..........#.# .
.........#..........# #
##.######.#####.###### #@#
#g# #.. .#####K###....#
#......Kg......#
#...#..........# #.
#..........# ##.........#
#.........# #......Kg.#


You could see Ijyb, a hobgoblin and 2 kobolds.

Vanquished Creatures
  A crimson imp (D:2)
  Terence (D:2)
  A killer bee zombie (D:2)
  3 adders (D:2)
  An ooze (D:1)
  2 worms (D:2)
  3 leopard geckos
  A ball python (D:1)
  6 bats (D:2)
  2 giant cockroaches
  6 goblins
  7 hobgoblins
  6 jackals (D:1)
  5 kobolds
  A quokka (D:2)
  3 frilled lizards
  8 rats
57 creatures vanquished.

Notes
Turn   | Place    | Note
-------+----------+-------------------------------------------
     0 | D:1      | Aviak the Octopode Enchanter began the quest for the Orb.
     0 | D:1      | Reached XP level 1. HP: 11/11 MP: 3/3
   196 | D:1      | Reached XP level 2. HP: 17/17 MP: 5/5
   208 | D:1      | Learned a level 2 spell: Ensorcelled Hibernation
   606 | D:1      | Reached XP level 3. HP: 21/21 MP: 6/6
  1127 | D:2      | Learned a level 3 spell: Confuse
  1139 | D:2      | Reached XP level 4. HP: 10/27 MP: 7/7
  1593 | D:2      | Reached XP level 5. HP: 29/31 MP: 7/9
  1641 | D:2      | Reached skill level 5 in Stealth
  1652 | D:2      | Noticed Terence
  1662 | D:2      | Killed Terence
  1788 | D:2      | You fall into a shaft and drop 1 floor!
  2221 | D:2      | Learned a level 3 spell: Tukima's Dance
  2343 | D:3      | Noticed Ijyb
  2354 | D:3      | Killed from afar by Ijyb

Levels and vault maps discovered:
D:1:      ebering_hopf_link, layout_basic, serial_forest,
          infiniplex_forest_lined_1, infiniplex_forest_zigzag_2,
          infiniplex_forest_clump_tiny, infiniplex_forest_join,
          infiniplex_forest_zigzag_1
D:2:      layout_loops_ring, uniq_terence
D:3:      layout_rooms, fedhas_altar_4, kennysheep_generic_room_15, uniq_ijyb,
          uniq_jessica

Skill      XL: |  1  2  3  4  5 |
---------------+----------------+-----
Short Blades   | 2 |  2.3
Stealth        | 5 |  5.1
Dodging        | 3 |  3.0
Spellcasting   | |  2.9
Hexes          | |  3.8

Action                   |  1- 3 |  4- 6 || total
-------------------------+-------+-------++-------
Melee: Dagger            |    64 |    75 ||   139
       Constrict         |    13 |    17 ||    30
       Tentacles         |    13 |    12 ||    25
 Cast: Corona            |     1 |       ||     1
       Ensorcelled Hiber |     5 |     3 ||     8
       Confuse           |       |     5 ||     5
 Stab: Sleeping          |     9 |    13 ||    22
       Confused          |       |     1 ||     1
  Eat: Chunk             |       |     5 ||     5
Armor: Skin              |     5 |     4 ||     9
Dodge: Dodged            |    37 |    25 ||    62
